Cogmind - Beta 15 @@@ ROGUE MODE // 2025.06.02 @ 00:11:28 Player: the cat! Result: Destroyed by QV-RD2(x) with Makeshift Spear Performance ------------- Evolutions (0) 0 Regions Visited (3) 600 Robots Destroyed (11) 55 Value Destroyed (261) 261 Prototype IDs (28) 560 Alien Tech Used (0) 0 Bonus (800) 800 TOTAL SCORE: 2276 Bonus ------- Registered with UFD 300 Met Optimus in HQ 500 Cogmind --------- Core Integrity 0/250 Matter 290/300 Energy 165/170 System Corruption 2% Temperature Hot (204) Movement Treading (560) Ox4 Location -7/Scraptown Parts ------- > --- POWER (1) -------- Makeshift Power Source > --- PROPULSION (2) --- Spiked Treads Wheel > --- UTILITY (2) ------ Huge Storage Unit Hardened Light Armor Plating > --- WEAPON (2) ------- Greatsword > --- INVENTORY (25) --- Improved Deuterium Engine Scrap Suit High-capacity Battery (250) Subdweller Optics Experimental Signal Interpreter Advanced ECM Suite Hardened Light Armor Plating Tower Shield Improved EM Pulse Cannon Barrage Gun Gauss Rifle Flak Gun Subdweller Shrapnel Launcher Heavy Missile Launcher CPS Tube (2) Vortex Trap Scrap Shield Fragment (47) DRS Beacon (Ready) Botcube Botcube Peak State ------------ > --- POWER ------------ Makeshift Power Source > --- PROPULSION ------- Wheel Wheel > --- UTILITY ---------- Huge Storage Unit Hardened Light Armor Plating > --- WEAPON ----------- Greatsword > --- INVENTORY -------- Improved Deuterium Engine Spiked Treads Scrap Suit High-capacity Battery Subdweller Optics Experimental Signal Interpreter Advanced ECM Suite Hardened Light Armor Plating Tower Shield Improved EM Pulse Cannon Barrage Gun Gauss Rifle Flak Gun Subdweller Shrapnel Launcher Heavy Missile Launcher CPS Tube Vortex Trap Scrap Shield Fragment DRS Beacon Deploy-a-Sentry Botcube Large Botcube [Rating: 29] Favorites ----------- Power Light Ion Engine Engine Light Ion Engine Power Core Nuclear Core Propulsion Wheel Treads Light Treads Leg Aluminum Leg Wheel Wheel Utility Large Storage Unit Device Structural Scanner Storage Large Storage Unit Processor Signal Interpreter Protection Hardened Light Armor Plating Weapon Mining Laser Energy Gun Salvaging Laser Energy Cannon Beam Cannon Ballistic Gun Battle Rifle Special Weapon Mining Laser Impact Weapon Mace Slashing Weapon Greatsword Special Melee Weapon Improved Datajack Build | -11 -10 -10 -7 ------- Run | Yrd Mat Sub Scr Slots Evolved . | . . . . Power . | . . . . Propulsion . | . . . . Utility . | . . . . Weapon . | . . . . Parts Attached 30 | . 10 4 16 Power 5 | . 1 2 2 Engine 4 | . 1 2 1 Core 1 | . . . 1 Reactor . | . . . . Propulsion 5 | . 3 . 2 Treads 2 | . 1 . 1 Leg . | . . . . Wheel 3 | . 2 . 1 Hover . | . . . . Flight . | . . . . Utility 8 | . 3 . 5 Device 3 | . 1 . 2 Storage 2 | . 1 . 1 Processor 1 | . 1 . . Hackware . | . . . . Protection 2 | . . . 2 Artifact . | . . . . Weapon 12 | . 3 2 7 Energy Gun 2 | . 1 . 1 Energy Cannon 1 | . 1 . . Ballistic Gun 4 | . . 2 2 Ballistic Cannon . | . . . . Launcher . | . . . . Special Weapon 2 | . 1 . 1 Impact Weapon 1 | . . . 1 Slashing Weapon 1 | . . . 1 Piercing Weapon . | . . . . Special Melee Weapon 1 | . . . 1 Unidentified Prototypes . | . . . . Parts Lost 3 | . 2 . 1 Power 1 | . 1 . . Propulsion 2 | . 1 . 1 Utility . | . . . . Weapon . | . . . . Highest Loss Streak 2 | . 2 . 1 To Critical Strikes . | . . . . Average Backups 12 | 6 6 11 14 Power . | 1 . . . Propulsion 1 | 4 1 1 1 Utility 5 | . 1 5 6 Weapon 4 | 1 2 5 4 Tool/Special . | . . . . Unused Backups 26 | . 4 6 16 Power 3 | . 1 . 2 Propulsion 3 | . 2 1 . Utility 11 | . 1 2 8 Weapon 9 | . . 3 6 Tool/Special . | . . . . Average Slot Usage (%) 98 | . 95 100 99 Engine 12 | . 13 14 11 Core 1 | . . . 2 Treads 9 | . 10 14 7 Leg 1 | . 6 . . Wheel 17 | . 10 14 20 Device 6 | . 9 . 8 Storage 14 | . 14 14 14 Processor 5 | . . 14 3 Energy Gun 4 | . 13 8 . Ballistic Gun 11 | . 11 5 13 Special Weapon 8 | . 1 14 7 Special Melee Weapon 3 | . . . 5 Peak Build Rating 29 | 6 8 12 29 Average Rating 14 | 6 6 10 18 On Entrance 8 | 6 6 8 12 Naked Turns . | . . . . Heaviest Build 96 | 13 28 27 96 Greatest Support 20 | 20 20 10 20 Greatest Overweight (x) 9 | . 2 2 9 Average Overweight (x) 2 | . 1 2 2 Largest Inventory Capacity 25 | 8 15 15 25 Average Capacity 17 | 8 13 15 19 Most Carried 25 | 6 12 15 25 Average Carried 15 | 6 6 14 18 Final Capacity 25 | 8 15 15 25 Final Carried 22 | 6 12 15 22 Class Distribution -------------------- 73% | Mutant 26% | Derelict-Mutant Dominant Class ---------------- Mutant | -10/Materials Mutant | -10/Subcaves Mutant | -7/Scraptown Resources | -11 -10 -10 -7 ----------- Run | Yrd Mat Sub Scr Matter Collected 649 | 193 179 48 229 Remotely . | . . . . Salvage Created 481 | . 462 . 19 Parts 31 | . 31 . . Haulers Intercepted 2 | . 2 . . Recyclers Shooed 2 | . 2 . . Parts Field Recycled . | . . . . Retrieved Matter . | . . . . Parts Self-Destructed 7 | . . 7 . Prevented . | . . . . Kills | -11 -10 -10 -7 ------- Run | Yrd Mat Sub Scr Combat Hostiles Destroyed 6 | . 6 . . Guns 6 | . 6 . . Classes Destroyed 5 | . 4 . 1 Tunneler 1 | . 1 . . Hauler 2 | . 2 . . Recycler 1 | . 1 . . Turret 1 | . . . 1 Grunt 6 | . 6 . . Best Kill Streak 2 | . 2 . 1 Combat Bots Only 2 | . 2 . . Max Kills in Single Turn 2 | . 2 . 1 Gunslinging 1 | . 1 . . Exploded . | . . . . Melee . | . . . . Uniques/NPCs Destroyed . | . . . . Combat | -11 -10 -10 -7 -------- Run | Yrd Mat Sub Scr Hostile Shots Fired 82 | . 44 4 34 Missed 28 | . 18 1 9 Hits 54 | . 26 3 25 Melee 4 | . . . 4 Projectile 50 | . 26 3 21 AOE 1 | . . . 1 Critical Strikes 1 | . . . 1 Damage Taken 787 | . 284 100 403 Core 264 | . 54 37 173 Absorbed by Shields . | . . . . Core Remaining (%) 100 | 100 . . . Volleys Fired 61 | . 45 13 3 Largest 2 | . 2 1 2 Hottest 100 | . 100 100 56 Shots Fired 103 | . 84 13 6 Gun 79 | . 73 . 6 Cannon 5 | . 5 . . Launcher . | . . . . Special 19 | . 6 13 . Kinetic 40 | . 34 . 6 Thermal 63 | . 50 13 . Explosive . | . . . . Electromagnetic . | . . . . Robot Hit Streak 8 | . 8 . 4 Robot Miss Streak 4 | . 4 . 3 Penetration Max . | . . . . Secondary Targets 1 | . 1 . . Max Gunslinging Chain 1 | . 1 . . Shots Hit Robots 61 | . 50 . 11 Core Hits 24 | . 20 . 4 Critical Kills . | . . . . Critical Parts Destroyed . | . . . . Critical Strikes . | . . . . Melee Attacks 19 | . . . 19 Impact 7 | . . . 7 Slashing 5 | . . . 5 Piercing . | . . . . Sneak Attacks 7 | . . . 7 Combat Hostiles . | . . . . Follow-up Attacks . | . . . . Damage Inflicted 688 | . 589 . 99 Guns 604 | . 536 . 68 Cannons 53 | . 53 . . Explosions . | . . . . Melee . | . . . . Ramming 31 | . . . 31 Kinetic 377 | . 309 . 68 Thermal 280 | . 280 . . Explosive . | . . . . Electromagnetic . | . . . . Impact . | . . . . Slashing . | . . . . Piercing . | . . . . Highest Corruption 2 | . . . 2 Average Corruption 2 | . . . 2 Corruption Purged . | . . . . Corruption Blocked . | . . . . Effects 1 | . . . 1 Heat Flow Errors 1 | . . . 1 Overload Shots . | . . . . Overflow Damage . | . . . . Projectiles . | . . . . Explosions . | . . . . Melee . | . . . . Knockbacks . | . . . . Impact . | . . . . Kinetic . | . . . . Secondary . | . . . . Self-Inflicted Damage 15 | . . . 15 Shots . | . . . . Rammed 2 | . . . 2 Targets Rammed 2 | . . . 2 Kicked . | . . . . Crushed . | . . . . Highest Temperature 236 | . 110 . 236 Average Temperature 42 | . 27 . 101 Received Heat Transfer 267 | . 159 6 102 Siege Activations . | . . . . Martial Activations . | . . . . Shielding Activations . | . . . . Robots Disrupted . | . . . . Combat Hostiles . | . . . . Robots Corrupted . | . . . . Combat Hostiles . | . . . . Parts Fried . | . . . . Impact Corruptions . | . . . . Robots Melted . | . . . . Combat Hostiles . | . . . . Parts Melted . | . . . . Heat Transferred 736 | . 736 . . Parts Sabotaged . | . . . . Parts Stolen . | . . . . Parts Stripped . | . . . . Power Chain Reactions . | . . . . Alert | -11 -10 -10 -7 ------- Run | Yrd Mat Sub Scr Maximum Alert Level . | . . . . Low Security (%) 100 | 100 100 . . Level 1 . | . . . . Level 2 . | . . . . Level 3 . | . . . . Level 4 . | . . . . Level 5 . | . . . . High Security . | . . . . Max Security . | . . . . Peak Influence 80 | . 80 . . Initial . | . . . . Average 13 | . 13 . . Influence Increases 229 | . 229 . . Destroy 0b10 Robot/C 120 | . 120 . . Destroy 0b10 Robot/NC 20 | . 20 . . Destroy Leader 34 | . 34 . . Successful Hack 7 | . 7 . . Disable Machine 15 | . 15 . . Destroy Structure 3 | . 3 . . Partial Spotted 30 | . 30 . . Influence Decreases 229 | . 229 . . Time Decay 215 | . 215 . . Lost Part 14 | . 14 . . Squads Dispatched 5 | . 5 . . Investigation 4 | . 4 . . Extermination . | . . . . Reinforcement 1 | . 1 . . Assault . | . . . . Garrison . | . . . . Intercept . | . . . . Searches Triggered . | . . . . Construction Impeded . | . . . . Haulers Reinforced . | . . . . Active Scanning Responses . | . . . . Cargo Convoy Interrupts . | . . . . Stealth | -11 -10 -10 -7 --------- Run | Yrd Mat Sub Scr Distress Signals 1 | . 1 . . Communications Jammed . | . . . . Distress Signals . | . . . . Times Spotted 47 | . 18 4 25 Peak Tracking Total 7 | . 4 2 7 Tactical Retreats 4 | . . 1 3 Traps | -11 -10 -10 -7 ------- Run | Yrd Mat Sub Scr Traps Triggered 1 | . . 1 . Indirectly . | . . . . Trap Hack Attempts . | . . . . Triggered . | . . . . Disarmed . | . . . . Reprogrammed . | . . . . Reused . | . . . . Traps Extracted . | . . . . Installed . | . . . . Triggered . | . . . . Most Traps Carried 1 | . . 1 1 Machines | -11 -10 -10 -7 ---------- Run | Yrd Mat Sub Scr Machines Disabled 6 | . 1 1 4 Max in Single Turn 1 | . 1 1 1 Machines Repaired . | . . . . Machines Dismantled . | . . . . Machines Sabotaged . | . . . . Overloaded Fab Kills . | . . . . Hacking | -11 -10 -10 -7 --------- Run | Yrd Mat Sub Scr Machines Accessed 18 | . 7 1 10 Terminals 7 | . 7 . . Fabricators . | . . . . Repair Stations . | . . . . Recycling Units . | . . . . Scanalyzers . | . . . . Garrison Access . | . . . . Total Hacks 99 | . 16 9 74 Successful 86 | . 3 9 74 Failed 13 | . 13 . . Catastrophic 5 | . 5 . . Database Lockouts . | . . . . Manual 7 | . 7 . . Terminals 16 | . 16 . . Fabricators . | . . . . Repair Stations . | . . . . Recycling Units . | . . . . Scanalyzers . | . . . . Garrison Access . | . . . . Terminal Hacks 85 | . 2 9 74 Record 81 | . . 8 73 Branch Access Points 1 | . 1 . . Locate Traps 1 | . 1 . . Proto ID Catalog 2 | . . 1 1 Fabricator Hacks . | . . . . Repair Station Hacks . | . . . . Recycling Unit Hacks . | . . . . Scanalyzer . | . . . . Garrison Access Hacks . | . . . . Unauthorized Hacks 1 | . 1 . . Terminals 1 | . 1 . . Assimilate 1 | . 1 . . Fabricators . | . . . . Repair Stations . | . . . . Recycling Units . | . . . . Scanalyzers . | . . . . Garrison Access . | . . . . Data Cores Recovered . | . . . . Used . | . . . . Hacking Detections 7 | . 7 . . Full Trace Events 4 | . 4 . . Feedback Events . | . . . . Feedback Blocked . | . . . . Robot Schematics Acquired . | . . . . Robots Built . | . . . . Authchips . | . . . . Time . | . . . . Total Robot Build Rating . | . . . . Part Schematics Acquired . | . . . . Parts Built . | . . . . Authchips . | . . . . Time . | . . . . Total Part Build Rating . | . . . . Parts Repaired . | . . . . Time . | . . . . Parts Recycled . | . . . . Recycled Matter . | . . . . Retrieved Matter . | . . . . Retrieved Components . | . . . . Parts Scanalyzed . | . . . . Part Schematics Acquired . | . . . . Parts Damaged . | . . . . Bothacking | -11 -10 -10 -7 ------------ Run | Yrd Mat Sub Scr Used RIF Installer . | . . . . Robots Hacked 7 | . . . 7 Non-combat 1 | . . . 1 Combat 6 | . . . 6 Robot Hacks Applied 7 | . . . 7 parse_system 7 | . . . 7 Relay Couplers Released . | . . . . Fabnet Peak Effective % . | . . . . Robots Rewired . | . . . . Allies Hacked . | . . . . Hacks Repelled . | . . . . Allies | -11 -10 -10 -7 -------- Run | Yrd Mat Sub Scr Total Allies . | . . . . Largest Group . | . . . . Highest-Rated Group . | . . . . Highest-Rated Ally . | . . . . Total Orders . | . . . . Ally Attacks . | . . . . Total Damage . | . . . . Kills . | . . . . Allies Corrupted . | . . . . Allies Melted 7 | . . . 7 Intel | -11 -10 -10 -7 ------- Run | Yrd Mat Sub Scr Active Infowar (turns) 2896 | . 617 . 2279 Structural 2896 | . 617 . 2279 Robot Analysis Total . | . . . . Derelict Logs Recovered 3 | . . 1 2 Drone Launches . | . . . . Drone Recoveries . | . . . . Exploration | -11 -10 -10 -7 ------------- Run | Yrd Mat Sub Scr Turns Passed 5905 | 2 928 1394 3581 Spaces Moved 4624 | 2 689 1160 2773 Core . | . . . . Treads . | . . . . Legs 146 | 2 144 . . Wheels 4478 | . 545 1160 2773 Hover . | . . . . Flight . | . . . . Fastest Speed 110 | 120 110 110 110 Average Speed 119 | 120 112 110 124 Slowest Speed 215 | 120 120 110 215 Overloaded Moves . | . . . . Propulsion Burnouts . | . . . . Robots Hopped 1 | . 1 . . Potential Cave-ins . | . . . . Cave-ins Triggered . | . . . . Exploration Rate (%) 54 | 2 75 45 96 Regions Visited 3 Branch Regions 2 Pre-discovered Areas . | . . . . Known Exits Taken 2 | . 1 1 . Unknown Exits Taken 1 | 1 . . . Scrap Searched 6 | . . . 6 Spaces Dug 2 | . 2 . . Terrain Destroyed 5 | . 5 . . Melee . | . . . . Projectile 5 | . 5 . . AOE . | . . . . Terrain Rammed . | . . . . Walls Destroyed . | . . . . Machines Disabled . | . . . . Actions | -11 -10 -10 -7 --------- Run | Yrd Mat Sub Scr Total 4873 | 1 762 1241 2869 Wait 51 | . 6 44 1 Move 4619 | 1 686 1159 2773 Hop 1 | . 1 . . Pick Up 45 | . 10 10 25 Fast Attach 10 | . 2 1 7 Attach 10 | . 5 2 3 Detach 4 | . 1 . 3 Swap 14 | . 3 2 9 Drop 37 | . 3 10 24 Fire 61 | . 45 13 3 Melee 19 | . . . 19 Ram 2 | . . . 2 Kick . | . . . . Crush . | . . . . Escape Stasis . | . . . . Rewire . | . . . . Trap . | . . . . Miscellaneous . | . . . . Route ------- -11/Scrapyard -10/Materials (discovered 5 exits: *Mat x2 / *Min x2 / *Sub) -10/Subcaves (discovered 3 exits: *Mat / *Scr x2) -7/Scraptown (discovered 2 exits: *Fac x2) History --------- Turn | Location | Event 1 | -11/Scrapyard | Discovered new exit (range 1) 3 | -11/Scrapyard | Entered Materials 4 | -10/Materials | Met a group of wandering Federalists 82 | -10/Materials | Discovered new exit (range 12) 200 | -10/Materials | Discovered new exit (range 13) 202 | -10/Materials | Identified exit to Mines 302 | -10/Materials | Build established: Mutant 563 | -10/Materials | Discovered new exit (range 16) 885 | -10/Materials | Discovered new exit (range 14) 900 | -10/Materials | Identified exit to Materials 929 | -10/Materials | Identified exit to Subcaves 931 | -10/Materials | Entered Subcaves 932 | -10/Subcaves | Shifting Twisted Machinery released Scrap Shield 932 | -10/Subcaves | Continued accompanying wandering Federalists (3) 932 | -10/Subcaves | Approached by a straggling Scientist 933 | -10/Subcaves | A swath of the cavern ceiling suddenly collapsed 938 | -10/Subcaves | Shifting Twisted Machinery released Shrapnel Trap 1070 | -10/Subcaves | Discovered new exit (range 12) 1081 | -10/Subcaves | Identified exit to Materials 1146 | -10/Subcaves | Learned 2 Materials zone layouts 1154 | -10/Subcaves | Shifting Twisted Machinery released Battle Rifle 1191 | -10/Subcaves | Shifting Twisted Machinery released Sub. Shrapnel Launcher 1257 | -10/Subcaves | Identified exit to Scraptown 1438 | -10/Subcaves | Scientist uncovered a shortcut to Scraptown 1748 | -10/Subcaves | Visited 4L-MR0's lab 1768 | -10/Subcaves | Found Tower Shield 1886 | -10/Subcaves | Shifting Twisted Machinery released Spk. Treads 1907 | -10/Subcaves | Shifting Twisted Machinery released Flamer 2325 | -10/Subcaves | Entered Scraptown 2427 | -7/Scraptown | Visited UFD Registry 2439 | -7/Scraptown | Registered with UFD as "Steelcase" 2474 | -7/Scraptown | Visited Cyclists 2492 | -7/Scraptown | Entered Cyclist Reading Room 2525 | -7/Scraptown | Visited Supply Room 2531 | -7/Scraptown | Visited Shadow of the Wyrm 2599 | -7/Scraptown | Scanned Subdweller tech in exchange for log data 2602 | -7/Scraptown | Learned location of 2 exits from Proximity Caves 2603 | -7/Scraptown | Learned Research stockpile data 2615 | -7/Scraptown | Discovered new exit (range 11) 2625 | -7/Scraptown | Identified exit to Factory 2698 | -7/Scraptown | Guru changed UFD alias to "Monocircuit" 2759 | -7/Scraptown | Heard Great Nut preacher, LISTEN AND RECITE! 2979 | -7/Scraptown | Visited SPCMW 3012 | -7/Scraptown | Visited Cave Peace 3065 | -7/Scraptown | Visited Science Testing Area 3091 | -7/Scraptown | Visited Symbiants 4109 | -7/Scraptown | Visited Chapter 10 4148 | -7/Scraptown | Visited DA-N13 Charitable Foundation 4171 | -7/Scraptown | Found DCF Scrap (29 items) 4272 | -7/Scraptown | Visited Botcube Research 4283 | -7/Scraptown | Found Botcube 4323 | -7/Scraptown | Visited Infowarlord's Domain 4355 | -7/Scraptown | Found Exp. Signal Interpreter 4396 | -7/Scraptown | Visited Derelict Rescue Squad 4405 | -7/Scraptown | Found DRS Beacon 4480 | -7/Scraptown | Discovered exit to Factory (range 3) 4493 | -7/Scraptown | Build established: Derelict-Mutant 4515 | -7/Scraptown | Found Scrap Suit 4633 | -7/Scraptown | Visited Supply Room 4675 | -7/Scraptown | Visited Curators Association 4767 | -7/Scraptown | Delivered Scrap Shield to a Scientist 5073 | -7/Scraptown | Visited LU-1G1's Boring Crew 5147 | -7/Scraptown | Visited Science Guys 5352 | -7/Scraptown | Met Optimus 5352 | -7/Scraptown | Accepted into 0bPrime 5490 | -7/Scraptown | Civil war broke out across Scraptown 5612 | -7/Scraptown | Lost 7 allies 5627 | -7/Scraptown | Optimus destroyed in the chaos of civil war 5642 | -7/Scraptown | Core integrity fell below 50% 5685 | -7/Scraptown | Found Deploy-a-Sentry 5809 | -7/Scraptown | Lost 4 allies 5859 | -7/Scraptown | Lost 4 allies 5876 | -7/Scraptown | Found Lrg. Botcube 5880 | -7/Scraptown | Found Botcube 5903 | -7/Scraptown | Core integrity fell below 20% 5906 | -7/Scraptown | Destroyed by QV-RD2(x) with Makeshift Spear Last Messages --------------- Engine. 05821_ N1-GNY(g): "I'll admit this is sort of exciting." 05862_ Botcube Storage breached. 05875_ Dropped Imp. Datajack. 05876_ Acquired Lrg. Botcube. 05879_ Dropped Deploy-a-Sentry. 05880_ Acquired Botcube. 05893_ Slammed into QV-RD2(x). 05895_ Destabilizing: System corrupted (+2). 05897_ System corrupted: Heat flow error (+244). 05900_ Wheel destroyed. 05901_ SS-AVR(g) destroyed. 05903_ Dropped Lrg. Botcube. 05905_ F0-ZXT(j) heat damages Scrap Suit. 05905_ 41-036(j): "How are there so many of them? Surely our efforts have been convincing enough throughout recent cycles." 05905_ QV-RD2(x) suffers critical hit (Burn). 05906_ Critical hit (Impale). Map ----- +----------------------------------------------------+ | ???????????????????????????????????????????####### | | ???????????????????????????????????????????####### | | ????????????#####################?######???##"""## | | ???????????##############################??##" "## | | ???????????##"""##"""##""|##"""##### ####### < ## | | ???????????##"" ##""!##""|## !"#### ###### ## | | ???????????##"" # | | ???????????## # | | ???????????######################## ########### | | ???????????######################### ############ | | ##############???????????????????### ###????????? | | ##############???????????########### ##?????????? | | ##""""""""""##???????????#""""""""## ########???? | | ## " ###????????????#" & &&"##![########???? | | ##"" ###############"/ "##%!# ##???? | | ##"" ###############""""" ""##=!# ##???? | | ##"""" #### ##=!*######## ####* # ##???? | | ##"" " #### ##|= ##"""" """ # ! ##???? | | ##"""" #### %* [!%*##""" ""# # ##???? | | ##"" #### !!*=[ ]##"" " #!!# ##???? | | ##" ##### [=!*/!##""" "=% # ##???? | | ## ### =! !=## "" # ##???? | | ###### ###########=########### ####"% ## ######### | | ###### ########### ###########%##### ## ######### | | ##""""[" """"""""" "" """%=!""%" """ ## """ | | ##" !%=%=[!=!*%==x! =% @x*! ## " " | | ##" ==![*%=[!!==[x%==%!!%!! ## | | ##" !*[!!!!!jj= !%! !=%*!! p% =%! ## | | ##" *[[[[%*=%[j!% [! == [! j [!%=! ##!** | | ##" =!!%[=!! !%=!%! * =%!!! % =%%[ | | "" =!%%*![!"""""""""" """""""""""!!%* "##!=[ " | | "" !==!!"="""""""""""""""""""""""[=% *="## [ """ | | "" %=""###### ################"=%!=!%=######## | | "" =*""# ###########" *[! !"######## | | "" ""# X"##??????##" ##"""" | | "" ""# "" "" ###????####" ! ## "" | | "" ""# "" "" X"##########" %!** "## | | "" ""# " " ######### #"[%=!%="## !! | | ##" "" "" [%!=====!=!= *=!! | | ##" "" "" *!=[%[%%!! ## !"" | | ##" ""# " " ###"####%="![% ## !!!"" | | ""# "" "" ""########## ! *% %"## !""" | | ""# "" "" ###????#### ! "######## | | ""# X"##??????##" ! = "######## | | ""# ########### %%=%="######## | | ""###### ################ " ! ######## | | """"""""""""""""""""""" ""=! ##"###"# | | """""""""""""""""""""" "%*= " " " | | =!!%[ =* ##! "" " | | ! =%!*! !%="## % | +----------------------------------------------------+ Best States ------------- Heat Dissipation 25 Energy Generation 15 Energy Capacity 250 Matter Stores 300 Matter Capacity 300 Sight Range 16 Terrain Scan Density 10 Armor Coverage 150 Evasion (%) 55 Recoil Reduction 1 Item Schematics ----------------- None Robot Schematics ------------------ None Fabricated ------------ Nothing Repaired ---------- Nothing Alien Tech Used ----------------- None Achievements -------------- None Challenges ------------ None Game ------ Seed TerrainLightningBuckler Manual? 0 Play Time 01:51:08 Cumulative 331.3 hours Start 2025.06.01 @ 21:50:58 End 2025.06.02 @ 00:11:28 Sessions 1 Manual Loads 0 Difficulty Rogue Special Mode None Game No. 94 Rogue 77 Adventurer 17 Explorer 0 Win Type - Total 18 Types 8/1/7/1/0/0/1/0/0/0 Lore% 60 Gallery% 71 Achievement% 73 Wizard Run 0 Options --------- Layout 1 ASCII 0 Keyboard 0 Movement Arrows Keybinds 0 Fullscreen 1 Font 24/Terminus Map View 50x35 Zoom Use 0% Tactical HUD 1 Map Filters NONE Filters NONE Steam 1 RUN: a8082c7b-d261-4b70-aaa5-413d1bbcd4b5